 Dungeon Crawl Stone Soup version 0.25-a0-663-gace7076f2c (webtiles) character file.

Game seed: 16707187504925762117, levelgen mode: deterministic

177 Esekla the Stinger (level 5, -7/34 HPs)
             Began as an Octopode Venom Mage on Mar 26, 2020.
             Mangled by Blork the orc
             ... wielding a +0 dire flail
              (10 damage)
             ... on level 4 of the Dungeon.
             The game lasted 00:16:55 (2623 turns).

Esekla the Stinger (Octopode Venom Mage)            Turns: 2623, Time: 00:16:56

Health: -7/34      AC:  1    Str:  8    XL:     5   Next: 57%
Magic:  1/9        EV: 13    Int: 18    God:
Gold:   151        SH:  0    Dex: 12    Spells: 3/9 levels left

rFire    . . .     SeeInvis .   m - +0 long sword
rCold    . . .     Gourm    .   (no shield)
rNeg     . . .     Faith    .   (helmet restricted)
rPois    .         Spirit   .   (no amulet)
rElec    .         Reflect  .   (no ring)
rCorr    .         Harm     .   (no ring)
MR       .....                  (no ring)
Stlth    +++.......             (no ring)
HPRegen  0.11/turn              (no ring)
MPRegen  0.11/turn              (no ring)
                                (no ring)
                                (no ring)

@: flying
A: almost no armour, stealthy swim, amphibious, 8 rings, constrict 8, camouflage
1, gelatinous body 1
a: no special abilities


You were on level 4 of the Dungeon.
You were hungry.

You visited 1 branch of the dungeon, and saw 4 of its levels.

You collected 151 gold pieces.

Inventory:

Hand Weapons
 a - a +0 short sword
 f - a +0 spear
 m - a +0 long sword (weapon)
Missiles
 c - 4 boomerangs (quivered)
 n - 18 poisoned darts
Wands
 p - a wand of digging (5)
 r - a wand of polymorph (12)
Scrolls
 e - a scroll of magic mapping {unknown}
 h - 3 scrolls of identify {unknown}
 i - a scroll of teleportation {unknown}
 j - 2 scrolls of remove curse
 k - a scroll of blinking {unknown}
 l - a scroll of enchant armour {unknown}
 o - 2 scrolls of enchant weapon {unknown}
Potions
 d - a potion of curing {unknown}
 g - 2 potions of flight
 q - a potion of invisibility {unknown}
Comestibles
 b - 5 rations


   Skills:
 * Level 2.0 Fighting
 + Level 0.6(0.9) Short Blades
 + Level 0.7(0.9) Long Blades
 + Level 0.1 Throwing
 * Level 2.5 Dodging
 + Level 3.3 Stealth
 * Level 2.8 Spellcasting
 * Level 1.0 Conjurations
 - Level 1.0 Transmutations
 * Level 0.9 Air Magic
 + Level 4.6 Poison Magic


You had 3 spell levels left.
You knew the following spells:

 Your Spells              Type           Power        Failure   Level  Hunger
a - Sting                 Tmut/Pois      ##..         5%          1    None
c - Mephitic Cloud        Conj/Pois/Air  ##......     21%         3    ###....
v - Poisonous Vapours     Pois/Air       ##....       8%          2    ##.....

Your spell library contained the following spells:

 Spells                   Type           Power        Failure   Level  Hunger
 Ignite Poison            Fire/Tmut/Pois #.......     22%         3    ###....
 Olgreb's Toxic Radiance  Pois           ###.....     24%         4    ####...


Dungeon Overview and Level Annotations

Branches:
Dungeon (4/15)
 Temple: D:4-7

Altars:
Fedhas
Qazlal
Sif Muna
Wu Jian
Yredelemnul

Annotations:
D:4 Blork the orc


Innate Abilities, Weirdness & Mutations

You cannot wear most types of armour.
You are very stealthy in the water. (Stealth+)
You are amphibious.
You can wear up to eight rings at the same time.
You can use your tentacles to constrict eight enemies at once.
Your skin changes colour to match your surroundings (Stealth+).
Your rubbery body absorbs attacks. (AC +1, EV +1)


Message History

Blork the orc seems less confused.
Blork the orc hits you with a +0 dire flail!
* * * LOW HITPOINT WARNING * * *
Casting: Poisonous Vapours (safe; 8% risk of failure)
Confirm with . or Enter, or press ? or * to list all spells.
Aiming: Poisonous Vapours (safe; 8% risk of failure)
Press: ? - help, Dir - move target cursor, f/p - Blork the orc
Aim: Blork the orc, wielding a +0 dire flail and wearing a +0 robe Poisonous vapours surround Blork the orc!
You are feeling hungry.
Blork the orc is engulfed in poison gas.
Blork the orc is poisoned.
Blork the orc barely misses you.
It was a potion of flight.
You feel very buoyant.
You fly up into the air.
You barely miss Blork the orc. Your grab misses Blork the orc.
Blork the orc is moderately wounded.
Blork the orc screams, "I'll eat your brain!
And then I'll vomit it back up!"
Blork the orc hits you with a +0 dire flail!
You die...

#.......#...######
#.......#.........
#.......#.........
#.......#.........
#.......#.........
#.......)g........
#######......g#....g....
##.....#......o#...##...
#......#......@#...##
#......#.......#....#
#......#.......#....#
#......#.......#....+
#..............#.o.##
#..............#...#
#......_8_.....#...#
####.............#...#
...#.............#...#


You could see Blork the orc and a gnoll.

Vanquished Creatures
  An orc priest (D:3)
  An iguana (D:4)
  3 gnolls
  2 adders (D:2)
  A shadow imp (D:3)
  2 dart slugs
  A leopard gecko (D:1)
  5 orcs (D:3)
  6 bats
  4 giant cockroaches
  5 goblins
  8 hobgoblins
  3 jackals (D:1)
  A quokka (D:3)
  4 ball pythons
  A frilled lizard (D:1)
  6 kobolds
  A leopard gecko zombie (D:3)
  11 rats
66 creatures vanquished.

Notes
Turn   | Place    | Note
-------+----------+-------------------------------------------
     0 | D:1      | Esekla the Octopode Venom Mage began the quest for the Orb.
     0 | D:1      | Reached XP level 1. HP: 11/11 MP: 3/3
   288 | D:1      | Reached XP level 2. HP: 15/18 MP: 3/5
   292 | D:1      | Learned a level 2 spell: Poisonous Vapours
   683 | D:1      | Reached skill level 4 in Poison Magic
   744 | D:1      | Reached XP level 3. HP: 18/22 MP: 3/6
  1260 | D:2      | Reached skill level 1 in Fighting
  1403 | D:2      | Reached XP level 4. HP: 25/28 MP: 7/7
  1418 | D:2      | Learned a level 3 spell: Mephitic Cloud
  1536 | D:2      | Found a stormy altar of Qazlal.
  1682 | D:3      | Reached XP level 5. HP: 16/34 MP: 4/8
  2114 | D:3      | Found a basalt altar of Yredelemnul.
  2481 | D:4      | Found a shimmering blue altar of Sif Muna.
  2547 | D:4      | Found an ornate altar of the Wu Jian Council.
  2549 | D:4      | Found a blossoming altar of Fedhas.
  2598 | D:4      | Noticed Blork the orc
  2619 | D:4      | Reached skill level 1 in Conjurations
  2623 | D:4      | Mangled by Blork the orc

Levels and vault maps discovered:
D:1:      tarquinn_simple_flora_water_a, layout_basic, chequers_arboretum,
          minivault_27, nrook_mini_vaults, minmay_indecisive_spiral
D:2:      layout_basic, lemuel_crystal_altar
D:3:      layout_loops_ring, yredelemnul_altar_generic
D:4:      layout_gridville, lemuel_crystal_altar,
          chequers_temple_overflow_statue_of_worship, kennysheep_mini,
          minmay_temple_entry_fiery, serial_shops, nicolae_shop_trees,
          first_ration, uniq_blork_the_orc

Skill      XL: |  1  2  3  4  5 |
---------------+----------------+-----
Stealth        | 3 |  3.3
Poison Magic   | 4 |  4.6
Fighting       | 1 2 |  2.0
Conjurations   | 1 |  1.0
Short Blades   | |  0.6
Long Blades    | |  0.7
Throwing       | |  0.1
Dodging        | |  2.5
Spellcasting   | |  2.8
Transmutations | |  1.0
Air Magic      | |  0.9

Action                   |  1- 3 |  4- 6 || total
-------------------------+-------+-------++-------
Melee: Unarmed           |    11 |       ||    11
       Constrict         |    15 |    18 ||    33
       Tentacles         |     9 |     7 ||    16
       Short sword       |    40 |     9 ||    49
       Long sword        |       |    42 ||    42
Throw: Boomerang         |       |     4 ||     4
 Cast: Sting             |     5 |       ||     5
       Poisonous Vapours |    14 |    13 ||    27
       Mephitic Cloud    |       |     3 ||     3
  Use: Scroll            |     1 |       ||     1
       Potion            |       |     1 ||     1
 Stab: Sleeping          |     2 |     3 ||     5
       Confused          |       |     1 ||     1
  Eat: Chunk             |     1 |     6 ||     7
Armor: Skin              |    10 |     3 ||    13
Dodge: Dodged            |    37 |    34 ||    71
       Rpst.: Long sword |       |    11 ||    11

Table legend:
 A = Non-vault XP
 B = Vault XP
 C = Vault XP percentage of total XP
 D = Non-vault monster count
 E = Vault monster count
 F = Vault count percentage of total count
                 A         B        C        D         E       F
            +---------+---------+-------+---------+---------+-------
      Total |     247 |       7 |   2.8 |      62 |       4 |   6.1
            +---------+---------+-------+---------+---------+-------
        D:1 |      55 |       7 |  11.3 |      25 |       4 |  13.8
        D:2 |      45 |       0 |   0.0 |      12 |       0 |   0.0
        D:3 |      81 |       0 |   0.0 |      22 |       0 |   0.0
        D:4 |      66 |       0 |   0.0 |       3 |       0 |   0.0
            +---------+---------+-------+---------+---------+-------
